Map: Port Aleksander LE

Players

Smileblind

  • Race: Protoss Protoss
  • League: Silver
  • Spawn Location: 5:00

Wafflenator - Winner!

  • Race: Protoss Protoss
  • League: Gold
  • Spawn Location: 11:00

VOD

Have the link to the VOD?

Description

Time

  • Played on: Feb. 7, 2019, 12:21 p.m.
  • Length: 5:14
Show
View Real Time Build Order
Export as new Build Order

Smileblind Protoss 

Build Orders:  

Get SALT Encoding   

  12  0:02  Probe  
  13  0:14  Probe  
  14  0:19  Pylon  
  14  0:25  Probe  
  15  0:34  Probe  
  15  0:42  Probe  
  16  0:45  Gateway  
  17  0:52  Probe  
  18  1:04  Gateway, Probe  
  18  1:09  Assimilator  
  19  1:16  Assimilator  
  19  1:18  Probe  
  19  1:25  Zealot  
  20  1:30  Probe  
  23  1:40  Forge  
  23  1:48  Cybernetics Core  
  23  1:57  Pylon  
  23  2:08  Protoss Ground Weapons Level 1  
  23  2:18  Photon Cannon  
  23  2:29  Adept x2  
  27  2:40  Gateway  
  27  2:42  Probe  
  28  2:54  Probe  
  29  3:03  Twilight Council  
  29  3:11  Stalker  
  31  3:21  Pylon  
  31  3:24  Pylon  
  24  3:45  Stalker x2  
  24  3:47  Probe  
  28  3:59  Probe  
  29  4:11  Probe  
  30  4:41  Nexus  
  30  4:44  Sentry  
  32  4:53  Pylon  
Show
View Real Time Build Order
Export as new Build Order

Wafflenator Protoss - Winner!

Build Orders: Oracle Opening 

Get SALT Encoding   

  12  0:06  Probe  
  13  0:20  Probe  
  14  0:22  Pylon  
  14  0:32  Probe  
  15  0:44  Gateway, Probe  
  16  0:56  Probe  
  17  1:04  Gateway  
  17  1:06  Assimilator  
  17  1:08  Probe  
  18  1:16  Probe  
  18  1:24  Probe, Pylon  
  20  1:35  Probe  
  21  1:43  Cybernetics Core  
  21  1:53  Assimilator  
  21  1:55  Probe  
  22  2:06  Gateway  
  22  2:14  Adept x2  
  22  2:20  Warp Gate  
  22  2:27  Probe  
  27  2:47  Shield Battery  
  27  2:53  Probe  
  28  3:02  Stargate  
  28  3:05  Probe  
  28  3:07  Pylon  
  27  3:47  Oracle  
  30  3:54  Nexus  
  30  3:57  Pylon  
  30  4:07  Twilight Council  
  30  4:14  Forge  
  30  4:27  Phoenix  
  32  4:45  Pylon, Probe  
  33  4:57  Probe  
Tags
 
Add a new tag
Caveats
  • Supply blocks, unpowered buildings, or Contaminate may cause inaccurate times.
  • Supply counts are checked every 10 seconds.